 Dungeon Crawl Stone Soup version 0.31-a0-746-ge8284cb111 (webtiles) character file.

Game seed: 4198508158170376430

15864 Conn the Fighter (level 12, -7/88 HPs)
             Began as an Octopode Fire Elementalist on Sept 13, 2023.
             Was an Elder of Sif Muna.
             Constricted to death by Jorgrun (19 damage)
             ... on level 2 of the Orcish Mines on Sept 14, 2023.
             The game lasted 00:59:28 (12136 turns).

Conn the Fighter (Octopode Fire Elementalist)      Turns: 12136, Time: 00:59:28

Health: -7/88      AC:  3    Str: 10    XL:     12   Next: 31%
Magic:  11/21      EV: 14    Int: 21    God:    Sif Muna [****..]
Gold:   362        SH: 15    Dex: 25    Spells: 2/23 levels left

rFire   + + .        o - +1 hand axe of the Solstice {flame, rF+ Will+ Str+2}
rCold   x . .        b - +3 buckler
rNeg    . . .        C - +2 hat
rPois   .            B - amulet of reflection
rElec   +            u - +6 ring of dexterity
rCorr   .            x - ring of fire
SInv    .            F - +6 ring of dexterity
Will    +....        G - ring of wizardry
Stlth   +++++        (no ring)
HPRegen 0.34/turn    (no ring)
MPRegen 0.17/turn    (no ring)
                     (no ring)

%: reflection, wizardry (x1)
@: grasped by roots, constricted
A: almost no armour, amphibious, 8 rings, camouflage 1, gelatinous body 1,
(nimble swimmer 1), tentacles, tentacle spike 1, electricity resistance,
evolution 1
a: Renounce Religion, Channel Magic, Forget Spell, Divine Exegesis


You were on level 2 of the Orcish Mines.
You worshipped Sif Muna.
Sif Muna was greatly pleased with you.
You visited 4 branches of the dungeon, and saw 14 of its levels.

You collected 758 gold pieces.
You spent 396 gold pieces at shops.

Inventory:

Hand Weapons
 o - the +1 hand axe of the Solstice (weapon) {flame, rF+ Will+ Str+2}
   (You found it on level 4 of the Dungeon)

   Str+2:     It affects your strength (+2).
   rF+:       It protects you from fire.
   Will+:     It increases your willpower.
Missiles
 i - 3 darts of dispersal
 n - 11 curare-tipped darts (quivered)
 L - 5 throwing nets
Armour
 b - a +3 buckler (worn)
 c - an orb of wrath
 C - a +2 hat (worn)
Magical Staves
 j - a staff of death
 J - a staff of poison
Jewellery
 d - an amulet of the acrobat
 k - an amulet of magic regeneration
 u - a +6 ring of dexterity (left tentacle)
 x - a ring of fire (right tentacle)
 B - an amulet of reflection (around mantle)
 F - a +6 ring of dexterity (on tentacle)
 G - a ring of wizardry (on tentacle)
Wands
 s - a wand of light (3)
 D - a wand of flame (31)
Scrolls
 e - 4 scrolls of revelation
 l - a scroll of vulnerability
 m - 5 scrolls of teleportation
 t - a scroll of summoning
 v - 4 scrolls of poison
 y - a scroll of enchant weapon
 A - 2 scrolls of noise
 K - a scroll of amnesia
 M - a scroll of fear
Potions
 a - a potion of magic
 f - 2 potions of enlightenment
 h - a potion of resistance
 p - a potion of lignification
 q - a potion of cancellation
 w - 3 potions of degeneration
 E - a potion of mutation


   Skills:
 - Level 10.4 Fighting
 + Level 4.7 Axes
 + Level 5.8 Dodging
 - Level 7.2 Stealth
 + Level 6.0 Shields
 * Level 6.2 Spellcasting
 * Level 7.1 Conjurations
 + Level 2.4 Hexes
 + Level 2.4 Summonings
 - Level 3.0 Translocations
 + Level 6.1 Fire Magic
 + Level 1.2 Ice Magic
 * Level 6.5 Invocations


You had 2 spell levels left.
You knew the following spells:

 Your Spells              Type           Power      Damage    Failure   Level
a - Foxfire               Conj/Fire      100%       2x1d9     1%          1
b - Scorch                Fire           96%        2d9       1%          2
c - Inner Flame           Hex/Fire       36%        N/A       2%          3
d - Flame Wave            Conj/Fire      51%        2d13      3%          4
e - Volatile Blastmotes   Fire/Tloc      76%        2d16      2%          3
f - Iskenderun's Mystic   Conj/Tloc      27%        2d7       6%          4
g - Summon Small Mammal   Summ           68%        N/A       1%          1
h - Hailstorm             Conj/Ice       24%        3d7       2%          3

Your spell library contained the following spells:

 Spells                   Type           Power      Damage    Failure   Level
 Apportation              Tloc           38%        N/A       1%          1
 Kiss of Death            Conj/Necr      84%        2d11      1%          1
 Freeze                   Ice            44%        1d6       3%          1
 Necrotise                Necr           24%        1d5       5%          1
 Sandblast                Erth           12%        2d6       5%          1
 Passwall                 Tmut/Erth      5%         N/A       9%          2
 Dazzling Flash           Conj/Hex       52%        N/A       2%          3
 Stone Arrow              Conj/Erth      42%        3d9       3%          3
 Sticky Flame             Conj/Fire      51%        2d7       3%          4
 Confusing Touch          Hex            16%        N/A       6%          3
 Tukima's Dance           Hex            16%        N/A       6%          3
 Frozen Ramparts          Ice            22%        1d4       9%          3
 Dimensional Bullseye     Hex/Tloc       9%         N/A       16%         4
 Dispel Undead            Necr           6%         3d8       45%         4
 Metabolic Englaciation   Hex/Ice        7%         N/A       52%         5
 Silence                  Hex/Air        5%         N/A       61%         5
 Agony                    Necr           6%         N/A       78%         5


Dungeon Overview and Level Annotations

Branches:
Dungeon (10/15)            Temple (1/1) D:5            Lair (1/5) D:10
    Orc (2/2) D:10            Elf (0/3) Orc:2

Altars:
Ashenzari
Cheibriados
Dithmenos
Elyvilon
Fedhas
Gozag
Hepliaklqana
Kikubaaqudgha
Makhleb
Nemelex Xobeh
Okawaru
Qazlal
Ru
Sif Muna
Trog
Vehumet
Wu Jian
Xom
Yredelemnul
The Shining One

Shops:
D:6 *   D:7 [   D:10 [

Annotations:
D:10 2 transporters, Opifex's ghost, journeyman DjHu
Orc:2 Jorgrun


Innate Abilities, Weirdness & Mutations

You cannot wear most types of armour.
You are amphibious.
You can wear up to eight rings at the same time.
Your skin changes colour to match your surroundings (Stealth+).
Your rubbery body absorbs attacks. (AC +1, EV +1)
((You are camouflaged when in or above water. (Stealth+)))
You have tentacles for arms and can constrict up to eight enemies at once.
One of your tentacles bears a spike.
You are resistant to electric shocks. (rElec)
You have hidden genetic potential.


Message History

The orc warrior is heavily wounded.
Okay, then.
Unknown command.
Unknown command.
Unknown command.
Unknown command.
As you read the scroll of fear, it crumbles to dust.
You assume a fearsome visage.
The orc warrior looks frightened!
Jorgrun resists with almost no effort.
The ogre looks frightened!
Jorgrun gestures at you while chanting.
Roots burst forth from the earth!
The grasping roots grab you! The grasping roots constrict you!
* * * LOW HITPOINT WARNING * * *
Okay, then.
Unknown command.
Unknown command.
Unknown command.
Okay, then.
Unknown command.
Okay, then.
Unknown command.
Unknown command.
Aiming: Bolt of Light
Press: ? - help, Shift-Dir - straight line, f - Jorgrun
Aim: Jorgrun, wielding a +0 heavy quarterstaff and wearing a +2 robe of cold resistance (severely wounded, inner flame, 53% to hit)
Okay, then.
Unknown command.
Unknown command.
Okay, then.
Unknown command.
Unknown command.
Aiming: Bolt of Light
Press: ? - help, Shift-Dir - straight line, f - Jorgrun
Aim: Jorgrun, wielding a +0 heavy quarterstaff and wearing a +2 robe of cold resistance (severely wounded, inner flame, 53% to hit)
The bolt of light hits Jorgrun!
Flame seeps out of Jorgrun.
Jorgrun is severely wounded.
Jorgrun is blinded.
Jorgrun is engulfed in blazing flames.
Flame seeps out of Jorgrun.
The grasping roots constrict you!!
You die...

oo$#............
o.T............
.$o...........
...g........#
o.......)..##
......$)$..§##
......[...#.##
.....#.......##
...........@§☼.##
..........#..)#)####
...........##°)).#.##
........§.....g$)°..#
..<..o.$......)○§°.##
.........#.....[)○##
..........>...#)###
.....#.##...####
...### #...#


You could see Jorgrun (wandering, inner flame, blind) and an orc warrior
(fleeing).

Vanquished Creatures
  A two-headed ogre (D:8)
  A centaur warrior (Orc:2)
  An orc high priest (Orc:1)
  2 orc knights
  2 cane toads (Lair:1)
  A kobold demonologist (D:5)
  4 trolls
  A queen bee (D:9)
  Eustachio (D:4)
  A human (D:3)
  A shadow (D:10)
  5 yaks (D:9)
  3 wyverns
  A steam dragon (D:6)
  2 ice beasts
  20 orc warriors
  A sky beast (D:8)
  A black bear (D:6)
  6 ogres
  8 centaurs
  2 phantoms (D:4)
  7 kobold brigands
  8 bullfrogs
  2 wyvern zombies (D:6)
  5 gnoll sergeants
  4 scorpions
  2 water moccasin zombies (D:6)
  22 wights
  A water moccasin skeleton (D:6)
  26 killer bees
  10 howler monkeys
  5 bullfrog zombies (D:6)
  3 hounds
  3 jellies
  2 gnoll boudas
  6 orc priests
  A centaur skeleton (D:6)
  5 sleepcaps
  3 iguanas
  13 orc wizards
  24 gnolls
  9 adders
  A shadow imp (D:6)
  3 white imps
  4 ufetubi
  50 orcs
  4 bats
  8 endoplasms
  2 giant cockroaches (D:3)
  6 goblins
  5 hobgoblins
  4 jackals (D:1)
  6 quokkas
  4 ball pythons
  2 goblin skeletons (D:3)
  12 kobolds
  3 rats
340 creatures vanquished.

Vanquished Creatures (others)
  697 foxfires
697 creatures vanquished.

Grand Total: 1037 creatures vanquished

Notes
Turn   | Place    | Note
-------+----------+-------------------------------------------
     0 | D:1      | Conn the Octopode Fire Elementalist began the quest for the
                  | Orb.
     0 | D:1      | Reached XP level 1. HP: 11/11 MP: 3/3
   320 | D:1      | Reached XP level 2. HP: 14/17 MP: 0/5
  1195 | D:2      | Reached XP level 3. HP: 11/21 MP: 0/6
  1931 | D:2      | Reached skill level 10 in Fighting
  1931 | D:2      | Reached XP level 4. HP: 9/43 MP: 2/7
  2633 | D:3      | Learned a level 2 spell: Scorch
  2637 | D:3      | Learned a level 3 spell: Inner Flame
  2682 | D:3      | Reached XP level 5. HP: 34/48 MP: 4/8
  2974 | D:3      | Found a runed translucent door.
  2974 | D:3      | Noticed a human
  2976 | D:3      | Found a basalt altar of Yredelemnul.
  2986 | D:3      | Killed a human
  2987 | D:3      | Reached skill level 1 in Shields
  2987 | D:3      | Reached XP level 6. HP: 47/54 MP: 2/9
  3288 | D:4      | Noticed Eustachio
  3290 | D:4      | Reached XP level 7. HP: 52/60 MP: 1/11
  3331 | D:4      | Learned a level 3 spell: Volatile Blastmotes
  3378 | D:4      | Identified the +1 hand axe of the Solstice {flame, rF+
                  | Will+ Str+2}
  3405 | D:4      | Killed Eustachio
  3635 | D:4      | Found an ornate altar of the Wu Jian Council.
  3816 | D:5      | Entered Level 5 of the Dungeon
  3820 | D:5      | Found a shimmering blue altar of Sif Muna.
  4107 | D:5      | Found a staircase to the Ecumenical Temple.
  4197 | D:5      | Reached XP level 8. HP: 59/65 MP: 5/12
  4214 | Temple   | Entered the Ecumenical Temple
  4289 | D:5      | Became a worshipper of Sif Muna the Loreminder
  4458 | D:5      | Noticed a kobold demonologist
  4460 | D:5      | Noticed a smoke demon
  4462 | D:5      | Noticed an orange demon
  4469 | D:5      | Reached skill level 1 in Axes
  4469 | D:5      | Killed a kobold demonologist
  4470 | D:5      | Reached skill level 5 in Stealth
  4551 | D:5      | Learned a level 4 spell: Flame Wave
  5115 | D:6      | Reached XP level 9. HP: 48/71 MP: 10/14
  5262 | D:6      | Reached * piety under Sif Muna
  5318 | D:6      | Found a stormy altar of Qazlal.
  5327 | D:6      | Found Sima's Assorted Antiques.
  5342 | D:6      | Bought a runed bronze ring for 125 gold pieces
  5445 | D:6      | Reached skill level 1 in Invocations
  6131 | D:7      | Found Iteleymp's Armour Boutique.
  6282 | D:7      | Reached ** piety under Sif Muna
  6456 | D:7      | Reached XP level 10. HP: 77/77 MP: 12/16
  6621 | D:7      | Reached skill level 5 in Fire Magic
  6654 | D:7      | Reached skill level 5 in Conjurations
  7465 | D:8      | Reached *** piety under Sif Muna
  7557 | D:8      | Noticed a two-headed ogre
  7566 | D:8      | Killed a two-headed ogre
  7607 | D:8      | Learned a level 4 spell: Iskenderun's Mystic Blast
  7626 | D:8      | Learned a level 1 spell: Summon Small Mammal
  7787 | D:8      | Found a hazy altar of Hepliaklqana.
  8007 | D:9      | Reached skill level 5 in Shields
  8011 | D:9      | Reached skill level 5 in Spellcasting
  8011 | D:9      | Reached XP level 11. HP: 68/82 MP: 10/18
  8014 | D:9      | Reached skill level 1 in Translocations
  8268 | D:9      | Reached skill level 5 in Dodging
  8377 | D:9      | Found a shadowy altar of Dithmenos.
  8591 | D:9      | Reached **** piety under Sif Muna
  8592 | D:9      | Reached skill level 1 in Summonings
  8833 | D:9      | Reached skill level 5 in Invocations
  8976 | D:9      | Reached skill level 1 in Hexes
  9120 | D:10     | Entered Level 10 of the Dungeon
  9185 | D:10     | Found a staircase to the Lair.
  9375 | D:10     | Noticed an orc knight
  9379 | D:10     | Noticed Opifex's ghost (journeyman DjHu)
  9386 | D:10     | Noticed a four-headed hydra
  9446 | D:10     | Found Ammicvu's Armour Boutique.
  9448 | D:10     | Found a transporter.
  9452 | D:10     | Found a transporter.
  9571 | D:7      | Bought a +1 hat for 121 gold pieces
  9702 | D:6      | Bought a dented jade amulet for 125 gold pieces
  9702 | D:6      | Bought a scroll labelled YMUDAU UMPOGG for 25 gold pieces
  9808 | Lair:1   | Entered Level 1 of the Lair of Beasts
  9927 | Lair:1   | Gained mutation: One of your tentacles bears a spike.
                  | [potion of mutation]
  9927 | Lair:1   | Gained mutation: You have hidden genetic potential. [potion
                  | of mutation]
  9927 | Lair:1   | Gained mutation: You are resistant to electric shocks.
                  | (rElec) [potion of mutation]
 10104 | D:10     | Found a staircase to the Orcish Mines.
 10205 | Orc:1    | Entered Level 1 of the Orcish Mines
 10218 | Orc:1    | Reached ***** piety under Sif Muna
 10310 | Orc:1    | Received a gift from Sif Muna
 10311 | Orc:1    | Got Sif Muna's Handbook of Vehement Beguiling {god gift}
 10634 | Orc:2    | Entered Level 2 of the Orcish Mines
 10639 | Orc:2    | Noticed Jorgrun
 10779 | Orc:1    | Upgraded the game from 0.31-a0-744-gbc345e7fcb to
                  | 0.31-a0-746-ge8284cb111
 10814 | Orc:2    | Found a staircase to the Elven Halls.
 10832 | Orc:2    | Noticed an orc knight
 10840 | Orc:2    | Noticed a centaur warrior
 10844 | Orc:2    | Noticed an orc knight
 10882 | Orc:1    | Learned a level 3 spell: Hailstorm
 10883 | Orc:2    | Noticed a centaur warrior
 11024 | Orc:1    | Killed an orc knight
 11399 | Orc:2    | Reached XP level 12. HP: 77/88 MP: 13/20
 11400 | Orc:2    | Killed a centaur warrior
 11731 | Orc:2    | Noticed an orc high priest
 11843 | Orc:1    | Reached skill level 1 in Ice Magic
 11848 | Orc:1    | Killed an orc high priest
 12136 | Orc:2    | Constricted to death by Jorgrun

Illustrated notes

Levels and vault maps discovered:
D:1:      lemuel_arrival_lava_pool, layout_basic
D:2:      layout_loops_corners
D:3:      layout_basic, dk_yredelemnul_ordeal, serial_glass, glass_columns_b,
          glass_columns_a
D:4:      layout_cave_pools, nicolae_wu_jian_immortal_techniques, uniq_eustachio
D:5:      layout_loops_cross, nicolae_sif_muna_condensation,
          minmay_temple_entry_junction, minmay_divided_ellipse
D:6:      layout_loops_cross, nicolae_qazlal_scattered_showers, serial_undead,
          serial_undead_f, serial_undead_a, serial_undead_e, serial_undead_a,
          serial_shops, shop
D:7:      layout_basic, serial_shops, shop
D:8:      layout_loops_ring, worldfamousw_hep_ancestral_shrine,
          minmay_alternating_orb
D:9:      layout_roguey [special_room_bee], old_standard_altar, minivault_25
D:10:     layout_roguey, nicolae_uskayaw_dance_hall, amcnicky_altar_gilded,
          lair_entry_dummy, kennysheep_orc_monster_closet_entryway,
          gammafunk_ghost_arena, serial_shops, nicolae_shop_overgrown_old_shop,
          shop_fountains, shop, nicolae_shop_vocational
Temple:   compressed_dpeg_circular_temple
Lair:1:   layout_layer_cave, serial_bayou_shore_b
Orc:1:    layout_caves, lightli_orcish_oven
Orc:2:    st_orc_rangers, layout_caves, uniq_jorgrun

Skill      XL: |  1  2  3  4  5  6  7  8  9 10 11 12 |
---------------+-------------------------------------+-----
Stealth        | 3 4 5 6 7 |  7.2
Fighting       | 10 | 10.4
Shields        | 1 2 3 5 6 |  6.0
Conjurations   | 2 3 4 5 6 7 |  7.1
Dodging        | 3 4 5 |  5.8
Spellcasting   | 3 4 5 6 |  6.2
Fire Magic     | 4 5 6 |  6.1
Axes           | 2 3 4 |  4.7
Invocations    | 2 4 6 |  6.5
Translocations | 3 |  3.0
Summonings     | 2 |  2.4
Hexes          | 2 |  2.4
Ice Magic      | 1 |  1.2

Action                     |  1- 3 |  4- 6 |  7- 9 | 10-12 || total
---------------------------+-------+-------+-------+-------++-------
  Melee: Unarmed           |    20 |       |       |       ||    20
         Constrict         |     8 |     4 |     9 |    12 ||    33
         Tentacles         |     8 |     5 |     9 |    15 ||    37
         Staff             |     1 |    15 |     2 |       ||    18
         Punch             |       |     1 |       |       ||     1
         Hand axe          |       |       |    34 |    42 ||    76
         Kick              |       |       |       |     1 ||     1
  Throw: Dart              |       |       |     1 |     2 ||     3
   Cast: Foxfire           |    49 |    67 |   129 |   169 ||   414
         Scorch            |       |    13 |    73 |    76 ||   162
         Inner Flame       |       |       |     9 |    33 ||    42
         Flame Wave        |       |       |     3 |    25 ||    28
         Volatile Blastmot |       |       |     1 |       ||     1
         Iskenderun's Myst |       |       |       |    19 ||    19
         Summon Small Mamm |       |       |       |     2 ||     2
         Hailstorm         |       |       |       |     7 ||     7
 Invoke: Channel Magic     |       |       |       |     2 ||     2
  Evoke: Wand              |       |       |     1 |     4 ||     5
    Use: Scroll            |     2 |     3 |     4 |    16 ||    25
         Potion            |     1 |       |     3 |     5 ||     9
   Stab: Sleeping          |       |       |     2 |     2 ||     4
         Invisible         |       |       |     1 |       ||     1
 Armour: Skin              |    22 |    18 |    50 |    93 ||   183
  Dodge: Dodged            |    21 |    15 |    49 |   133 ||   218
  Block: Buckler           |     3 |     8 |     9 |    80 ||   100
         Reflection        |       |       |       |    28 ||    28

Table legend: (Time is in decaauts)
 A = Elapsed time spent in this place.
 B = Non-inter-level travel time spent in this place.
 C = Inter-level travel time spent in this place.
 D = Time resting spent in this place.
 E = Time spent auto-exploring this place.
 F = Levels seen in this place.
 G = Mean time per level.
                   A        B        C        D        E       F      G
               +--------+--------+--------+--------+--------+-----+--------+
         Total |  12183 |  11700 |    483 |   1846 |   6381 |  14 |  870.2 |
       Dungeon |  10032 |   9549 |    483 |    721 |   6027 |  10 | 1003.2 |
        Temple |     45 |     45 |      0 |      0 |      0 |   1 |   45.0 |
          Lair |    150 |    150 |      0 |      0 |     80 |   1 |  150.0 |
  Orcish Mines |   1954 |   1954 |      0 |   1125 |    274 |   2 |  977.0 |
               +--------+--------+--------+--------+--------+-----+--------+

Top non-repeatable levels by time:
   Orc:1: 1855 daAuts
     D:9: 1357 daAuts
     D:2: 1342 daAuts
     D:5: 1173 daAuts
     D:6: 1144 daAuts
     D:8: 1019 daAuts
     D:7: 920 daAuts
     D:1: 906 daAuts
     D:3: 867 daAuts
     D:4: 709 daAuts
    D:10: 592 daAuts
  Lair:1: 150 daAuts
   Orc:2: 98 daAuts
  Temple: 45 daAuts
